 Dungeon Crawl Stone Soup version 0.22-a0-42-g002c468 (webtiles) character file.

34 CanOfBees the Skirmisher (level 3, 0/24 HPs)
             Began as a Gargoyle Fighter on Jan 5, 2018.
             Killed from afar by Sigmund (13 damage)
             ... with a puff of flame
             ... on level 2 of the Dungeon.
             The game lasted 00:02:00 (1187 turns).

CanOfBees the Skirmisher (Gargoyle Fighter)         Turns: 1187, Time: 00:02:00

Health: 0/24       AC: 15    Str: 25    XL:     3   Next: 31%
Magic:  3/3        EV:  4    Int:  8    God:
Gold:   101        SH:  0    Dex:  9    Spells: 2/2 levels left

rFire    . . .     SeeInvis .   a - +0 flail
rCold    . . .     Gourm    .   c - +0 shield
rNeg     + . .     Faith    .   o - +0 plate armour
rPois    ∞         Spirit   .   (no helmet)
rElec    +         Reflect  .   (no cloak)
rCorr    .         Harm     .   (no gloves)
MR       .....                  q - +0 pair of boots
Stlth    ..........             (no amulet)
HPRegen  0.08/turn              (no ring)
MPRegen  0.08/turn              (no ring)

@: confused, mighty
A: negative energy resistance 1, electricity resistance, unbreathing,
petrification resistance, rot immunity, AC +3
a: no special abilities


You were on level 2 of the Dungeon.
You were not hungry.

You visited 1 branch of the dungeon, and saw 2 of its levels.

You collected 101 gold pieces.

Inventory:

Hand Weapons
 a - a +0 flail (weapon)
Missiles
 b - 2 tomahawks (quivered)
Armour
 c - a +0 shield (worn)
 o - a +0 plate armour (worn)
 q - a +0 pair of boots (worn)
Scrolls
 e - 3 scrolls of identify {unknown}
 h - a scroll of fear {unknown}
 i - 4 scrolls of remove curse {unknown}
 l - a scroll of immolation {unknown}
 m - a scroll of amnesia {unknown}
 n - a scroll of blinking {unknown}
 p - 2 scrolls of teleportation {unknown}
Potions
 j - 3 potions of heal wounds {unknown}
 k - a potion of curing {unknown}
Comestibles
 f - 2 rations
 g - a chunk of flesh


   Skills:
 + Level 3.7 Fighting
 * Level 2.9 Maces & Flails
 - Level 3.2 Armour
 + Level 3.7 Shields


You had 2 spell levels left.
You didn't know any spells.

Dungeon Overview and Level Annotations

Branches:
Dungeon (2/15)

Altars:

Annotations:
D:2 Sigmund


Innate Abilities, Weirdness & Mutations

You are resistant to torment.
Your stone body is resilient. (AC +3)
You are immune to poison.
You resist negative energy. (rN+)
You are resistant to electric shocks. (rElec)
You can survive without breathing.
You are immune to petrification.
You are immune to rotting.


Message History

You sock Sigmund!
Sigmund is moderately wounded.
You block Sigmund's attack.
You closely miss Sigmund.
Sigmund is moderately wounded.
Sigmund casts a spell.
Sigmund flickers and vanishes!
Deactivating autopickup; reactivate with Ctrl-A.
You miss something.
You hear some strange, mumbled words.
You are confused.
Something completely misses you.
You miss something. You miss something. Something hits you.
You miss something.
You hear some strange, mumbled words.
A puff of flame appears from out of thin air!
The puff of flame hits you!
Ouch! That really hurt!
You die...

###### .....#.
#################.......
................@{.....>
################.#####..
#%# #.# #.# #.# #.. #..
##


There were no monsters in sight!

Vanquished Creatures
  A worm (D:2)
  A dart slug (D:1)
  A leopard gecko (D:1)
  5 goblins
  5 hobgoblins
  A quokka (D:2)
  A ball python (D:2)
  3 bats
  A frilled lizard (D:1)
  4 kobolds
  3 rats (D:1)
26 creatures vanquished.

Notes
Turn   | Place    | Note
-------+----------+-------------------------------------------
     0 | D:1      | CanOfBees the Gargoyle Fighter began the quest for the Orb.
     0 | D:1      | Reached XP level 1. HP: 14/14 MP: 1/1
   339 | D:1      | Reached XP level 2. HP: 19/19 MP: 2/2
   782 | D:2      | Reached XP level 3. HP: 23/23 MP: 3/3
  1178 | D:2      | Noticed Sigmund
  1187 | D:2      | Killed from afar by Sigmund

Vault maps used:
D:1:      dpeg_arrival_prison
D:2:      patterned_corridor, uniq_sigmund

Action                   || total
-------------------------++-------
Melee: Flail             ||   117
  Use: Potion            ||     1
  Eat: Chunk             ||     1
Armor: Scale mail        ||    37
       Plate armour      ||    53
Dodge: Dodged            ||    33
Block: Shield            ||    64

Table legend:
 A = Spawn XP
 B = Non-spawn XP
 C = Spawn XP percentage of total XP
 D = Spawn monster count
 E = Non-spawn monster count
 F = Spawn count percentage of total count
 G = Total turns spent on level
                    A         B        C        D         E        F      G
               +---------+---------+-------+---------+---------+-------+---------
         Total |       0 |      49 |   0.0 |       0 |      26 |   0.0 |  1187
               +---------+---------+-------+---------+---------+-------+---------
           D:1 |       0 |      32 |   0.0 |       0 |      18 |   0.0 |   744
           D:2 |       0 |      17 |   0.0 |       0 |       8 |   0.0 |   443
               +---------+---------+-------+---------+---------+-------+---------
